 Dungeon Crawl Stone Soup version 0.29-a0-334-gb41bcbb86e (webtiles) character file.

Game seed: 6366574866446150579

2303 Dauddaud the Cleaver (level 9, -1/84 HPs)
             Began as a Minotaur Berserker on Apr 14, 2022.
             Was a Priest of Trog.
             Succumbed to a killer bee's poison
             ... on level 5 of the Dungeon.
             The game lasted 00:17:23 (7896 turns).

Dauddaud the Cleaver (Minotaur Berserker)           Turns: 7896, Time: 00:17:24

Health: -1/84      AC: 11    Str: 27    XL:     9   Next: 18%
Magic:  8/8        EV:  9    Int:  4    God:    Trog [***...]
Gold:   296        SH:  0    Dex:  9    Spells: 8/8 levels left

rFire   . . .      SeeInvis .   x - +1 flail (venom)
rCold   . . .      Faith    .   (no shield)
rNeg    . . .      Spirit   .   o - +0 chain mail
rPois   .          Reflect  .   (helmet unavailable)
rElec   .          Harm     .   (no cloak)
rCorr   .          Rampage  .   C - +2 pair of gloves
Will    .....                   (no boots)
Stlth   ..........              (no amulet)
HPRegen 0.24/turn               (no ring)
MPRegen 0.11/turn               (no ring)

@: berserking, lethally poisoned (-1 -> -22), very quick
A: horns 3, retaliatory headbutt, frail 2
a: Renounce Religion, Berserk, Trog's Hand


You were on level 5 of the Dungeon.
You worshipped Trog.
Trog was most pleased with you.
You visited 1 branch of the dungeon, and saw 6 of its levels.

You collected 296 gold pieces.

Inventory:

Hand Weapons
 a - a +0 hand axe
 d - a +3 short sword
 x - a +1 flail of venom (weapon)
Missiles
 m - 12 poisoned darts (quivered)
 q - 2 curare-tipped darts
Armour
 b - a +0 animal skin
 e - a +0 ring mail of poison resistance
 o - a +0 chain mail (worn)
 C - a +2 pair of gloves (worn)
Jewellery
 B - a ring of ice
Wands
 s - a wand of acid (7)
 t - a wand of flame (9)
Scrolls
 c - a scroll of amnesia {unknown}
 f - 4 scrolls of identify
 i - 2 scrolls of teleportation {unknown}
 l - a scroll of fear {unknown}
 n - a scroll of magic mapping {unknown}
 p - 2 scrolls of vulnerability {unknown}
 y - a scroll of noise {unknown}
Potions
 g - 4 potions of heal wounds
 h - a potion of invisibility
 j - a potion of magic {unknown}
 k - a potion of resistance
 r - a potion of brilliance
 u - a potion of might {unknown}
 v - a potion of haste {unknown}
 w - a potion of flight
 z - 2 potions of curing {unknown}
 A - a potion of degeneration {unknown}


   Skills:
 - Level 3.6 Fighting
 - Level 12.2(13.2) Axes
 * Level 8.1(11.2) Maces & Flails
 - Level 2.4 Armour
 - Level 2.1 Dodging
 - Level 1.8 Stealth


You had 8 spell levels left.
You didn't know any spells.
Your spell library was empty.

Dungeon Overview and Level Annotations

Branches:
Dungeon (6/15)
 Temple: D:4-7

Altars:
Gozag
Uskayaw
Vehumet
Xom
Yredelemnul

Annotations:
D:5 3 runed translucent doors, Olga's ghost, amateur TeFi


Innate Abilities, Weirdness & Mutations

You have a pair of large horns on your head.
You reflexively headbutt those who attack you in melee.
You are very frail. (-20% HP)


Message History

You kill the adder!
Trog accepts your kill.
The killer bee stings you but does no damage.
There is an open door here.
You see here an adder corpse.
You closely miss the killer bee. The killer bee stings you.
* * * LOW HITPOINT WARNING * * *
You completely miss the killer bee. Your headbutt misses the killer bee.
The killer bee stings you but does no damage.
You barely miss the killer bee. The killer bee stings you.
* * * LOW HITPOINT WARNING * * *
You are poisoned.
The killer bee poisons you!
You hit the killer bee but do no damage.
The killer bee is poisoned.
You feel sick.
The killer bee stings you but does no damage.
You closely miss the killer bee. Your headbutt misses the killer bee.
The killer bee is lightly wounded.
You feel sick. The killer bee stings you.
* * * LOW HITPOINT WARNING * * *
You are more poisoned.
The killer bee poisons you! The killer bee stings you.
* * * LOW HITPOINT WARNING * * *
You miss the killer bee.
The killer bee is lightly wounded.
* * * LOW HITPOINT WARNING * * *
You feel sick. The killer bee stings you!
* * * LOW HITPOINT WARNING * * *
You are more poisoned.
The killer bee poisons you!
You are too berserk!
Okay, then.
You miss the killer bee.
The killer bee is moderately wounded.
* * * LOW HITPOINT WARNING * * *
You feel sick.
The killer bee stings you but does no damage.
You barely miss the killer bee.
The killer bee is moderately wounded.
You die...

................# #.#
...............## ##.#
>.##...........# ##..##
.###...........## ##....#
###.............# ###.....## #
###...##........#####........####
##...#####..######..##...........
#...## ##.##..##....#.....##....
...## #..#....@))..########....
..## ##..#...y##w†##..## #...##
.## ##.####..# #'#)....# #...#
.## #.## #'# ...##....###..##
..#####.# ..##.....##..###...#
....#...# ...#[..... ##'###..##
.......###.. #!..8..[##..##..#
........### #).....$#....#..###
.........# ##.... #....'....##


You could see a killer bee (very poisoned) and a dart slug.

Vanquished Creatures
  A troll (D:6)
  A steam dragon (D:5)
  Menkaure (D:4)
  Edmund (D:4)
  A water moccasin (D:6)
  A black bear (D:5)
  A sky beast (D:5)
  4 ogres
  A centaur (D:6)
  A phantom (D:6)
  2 kobold brigands (D:6)
  3 necrophages (D:6)
  3 scorpions
  A howler monkey (D:6)
  4 hounds
  Natasha (thrice) (D:2)
  An orc wizard (D:3)
  A gnoll (D:1)
  8 adders
  An ufetubus (D:5)
  A worm (D:5)
  5 dart slugs
  10 orcs
  3 bats
  9 endoplasms
  A giant cockroach (D:4)
  6 goblins
  10 hobgoblins
  5 jackals (D:3)
  27 kobolds
  3 quokkas
  7 ball pythons
  2 frilled lizards
  10 rats
139 creatures vanquished.

Vanquished Creatures (others)
  5 dream sheep (D:5)
  2 plants (D:6)
7 creatures vanquished.

Grand Total: 146 creatures vanquished

Notes
Turn   | Place    | Note
-------+----------+-------------------------------------------
     0 | D:1      | Dauddaud the Minotaur Berserker began the quest for the
                  | Orb.
     0 | D:1      | Reached XP level 1. HP: 19/19 MP: 0/0
   292 | D:1      | Reached skill level 4 in Axes
   308 | D:1      | Found a faded altar of an unknown god.
   402 | D:1      | Reached XP level 2. HP: 23/26 MP: 1/1
   871 | D:1      | Reached skill level 5 in Axes
   871 | D:1      | Reached XP level 3. HP: 20/31 MP: 2/2
  2173 | D:2      | Noticed Natasha
  2181 | D:2      | Killed Natasha
  2182 | D:2      | Reached skill level 6 in Axes
  2182 | D:2      | Reached XP level 4. HP: 39/39 MP: 3/3
  2287 | D:2      | Noticed Natasha
  2291 | D:2      | Killed Natasha
  2435 | D:2      | Reached ** piety under Trog
  2545 | D:2      | Noticed Natasha
  2551 | D:2      | Killed Natasha
  2552 | D:2      | Reached XP level 5. HP: 45/45 MP: 4/4
  2690 | D:3      | Reached skill level 7 in Axes
  3248 | D:3      | You fall into a shaft and drop 3 floors!
  3261 | D:6      | Reached skill level 8 in Axes
  3261 | D:6      | Reached XP level 6. HP: 51/51 MP: 5/5
  3266 | D:6      | Reached skill level 1 in Stealth
  3272 | D:6      | Reached *** piety under Trog
  3514 | D:6      | Reached skill level 9 in Axes
  3519 | D:6      | Reached XP level 7. HP: 46/57 MP: 6/6
  3541 | D:6      | Reached skill level 10 in Axes
  3961 | D:6      | Found a basalt altar of Yredelemnul.
  3981 | D:6      | Reached skill level 11 in Axes
  4073 | D:6      | Reached XP level 8. HP: 51/63 MP: 7/7
  4169 | D:6      | Noticed a troll
  4181 | D:6      | Killed a troll
  4470 | D:5      | Entered Level 5 of the Dungeon
  4610 | D:3      | Found a radiant altar of Vehumet.
  4819 | D:4      | Noticed Edmund
  4825 | D:4      | Killed Edmund
  4826 | D:4      | Reached skill level 12 in Axes
  4916 | D:4      | Noticed Menkaure
  4928 | D:4      | Killed Menkaure
  5488 | D:4      | Gained mutation: You are frail. (-10% HP) [potion of
                  | mutation]
  5488 | D:4      | Gained mutation: You are very frail. (-20% HP) [potion of
                  | mutation]
  5488 | D:4      | Gained mutation: You have a pair of large horns on your
                  | head. [potion of mutation]
  6290 | D:4      | Found a hide-covered altar of Uskayaw.
  6548 | D:5      | Reached skill level 5 in Maces & Flails
  7020 | D:5      | Found a runed translucent gate.
  7021 | D:5      | Found a runed translucent gate.
  7022 | D:5      | Noticed Olga's ghost (amateur TeFi)
  7023 | D:5      | Found a runed translucent gate.
  7244 | D:5      | Noticed a dream sheep
  7244 | D:5      | Noticed a dream sheep
  7244 | D:5      | Noticed a dream sheep
  7244 | D:5      | Noticed a dream sheep
  7244 | D:5      | Noticed a dream sheep
  7244 | D:5      | Found a shimmering altar of Xom.
  7248 | D:5      | Killed a dream sheep
  7248 | D:5      | Killed a dream sheep
  7248 | D:5      | Killed a dream sheep
  7250 | D:5      | Killed a dream sheep
  7251 | D:5      | Killed a dream sheep
  7435 | D:5      | Found an opulent altar of Gozag.
  7657 | D:5      | Reached XP level 9. HP: 29/56 MP: 8/8
  7894 | D:5      | HP: 4/84 [killer bee (8)]
  7896 | D:5      | Succumbed to a killer bee's poison

Illustrated notes

Levels and vault maps discovered:
D:1:      dpeg_arrival_water_temple_mockup, layout_loops_ring,
          basic_ecumenical_altar
D:2:      layout_basic, minmay_misc_feat_square, uniq_natasha
D:3:      layout_loops_cross, vehumet_altar_wand_db, grunt_ministairs_1
D:4:      layout_basic, nicolae_uskayaw_suspiria,
          amcnicky_mini_rare_corridor_liquid, uniq_edmund, uniq_menkaure
D:5:      minmay_bubble_buster, layout_layer_cave, kb_xom_exploding_sheep,
          lemuel_doored_altar, gammafunk_ghost_split
D:6:      layout_loops_cross, general_overflow_altar, serial_bayou_pond_e,
          minmay_misc_feat_pillars

Skill      XL: |  1  2  3  4  5  6  7  8  9 |
---------------+----------------------------+-----
Axes           | 4 5 6 8 9 11 12 | 12.2
Stealth        | 1 |  1.8
Maces & Flails | 6 8 |  8.1
Fighting       | |  3.6
Armour         | |  2.4
Dodging        | |  2.1

Action                   |  1- 3 |  4- 6 |  7- 9 || total
-------------------------+-------+-------+-------++-------
Melee: Hand axe          |    73 |    82 |    78 ||   233
       Headbutt          |     6 |    10 |    22 ||    38
       Punch             |       |       |     1 ||     1
       Flail             |       |       |    88 ||    88
Throw: Dart              |       |       |     8 ||     8
Invok: Berserk           |     1 |     4 |     7 ||    12
       Trog's Hand       |       |       |     3 ||     3
  Use: Scroll            |       |       |     6 ||     6
       Potion            |       |       |     2 ||     2
Armor: Animal skin       |     5 |       |       ||     5
       Ring mail         |    23 |     7 |       ||    30
       Chain mail        |       |    22 |    74 ||    96
Dodge: Dodged            |    51 |    34 |    50 ||   135

Table legend: (Time is in decaauts)
 A = Elapsed time spent in this place.
 B = Non-inter-level travel time spent in this place.
 C = Inter-level travel time spent in this place.
 D = Time resting spent in this place.
 E = Time spent auto-exploring this place.
 F = Levels seen in this place.
 G = Mean time per level.
                   A        B        C        D        E       F      G
               +--------+--------+--------+--------+--------+-----+--------+
         Total |   7981 |   7831 |    150 |   2983 |   3763 |   6 | 1330.2 |
       Dungeon |   7981 |   7831 |    150 |   2983 |   3763 |   6 | 1330.2 |
               +--------+--------+--------+--------+--------+-----+--------+

Top non-repeatable levels by time:
     D:4: 1749 daAuts
     D:1: 1505 daAuts
     D:5: 1422 daAuts
     D:6: 1237 daAuts
     D:2: 1225 daAuts
     D:3: 841 daAuts
